 Dungeon Crawl Stone Soup version 0.26-a0-53-g45f243fec8 (webtiles) character file.

Game seed: 3271245146469530645

1567 MarredHen the Stinger (level 8, 0/59 HPs)
             Began as a Gnoll Venom Mage on June 7, 2020.
             Slain by a wight
             ... wielding a cursed +4 scimitar
              (6 damage)
             ... on level 5 of the Dungeon.
             The game lasted 00:14:57 (6516 turns).

MarredHen the Stinger (Gnoll Venom Mage)            Turns: 6516, Time: 00:14:58

Health: 0/59       AC:  9    Str: 14    XL:     8   Next: 90%
Magic:  17/17      EV: 14    Int: 20    God:
Gold:   172        SH:  0    Dex: 15    Spells: 16/19 levels left

rFire    . . .     SeeInvis .   j - +2 dagger (vamp)
rCold    . . .     Gourm    .   (no shield)
rNeg     . . .     Faith    .   a - +0 robe
rPois    .         Spirit   .   q - +2 helmet
rElec    .         Reflect  .   g - +0 cloak
rCorr    .         Harm     .   k - +2 pair of gloves {Str+3}
MR       .....                  (no boots)
Stlth    ++........             (no amulet)
HPRegen  0.19/turn              (no ring)
MPRegen  0.15/turn              (no ring)

@: hasted, heavily drained, very quick
A: distributed training, fangs 1, strong nose
a: no special abilities


You were on level 5 of the Dungeon.
You were not hungry.

You visited 1 branch of the dungeon, and saw 6 of its levels.

You collected 172 gold pieces.

Inventory:

Hand Weapons
 j - a +2 vampiric dagger (weapon)
Armour
 a - a +0 robe (worn)
 g - a +0 cloak (worn)
 k - a +2 pair of gloves of strength (worn)
 n - a +0 helmet
 q - a +2 helmet (worn)
Wands
 t - a wand of polymorph (5)
Scrolls
 f - a scroll of immolation
 h - a scroll of amnesia {unknown}
 p - a scroll of remove curse
 s - a scroll of teleportation
 y - a scroll of enchant weapon
Potions
 b - a potion of flight {unknown}
 d - a potion of stabbing {unknown}
 e - 4 potions of lignification
 o - a potion of degeneration {unknown}
 u - a potion of berserk rage {unknown}
 v - 2 potions of invisibility {unknown}
 x - a potion of haste
 A - a potion of ambrosia {unknown}
Comestibles
 c - 7 rations


   Skills:
 + Level 3.6(1.3) Fighting
 + Level 3.6(1.3) Short Blades
 + Level 3.6(1.3) Long Blades
 + Level 3.6(1.3) Axes
 + Level 3.6(1.3) Maces & Flails
 + Level 3.6(1.3) Polearms
 + Level 3.6(1.3) Staves
 + Level 3.6(1.3) Slings
 + Level 3.6(1.3) Bows
 + Level 3.6(1.3) Crossbows
 + Level 3.6(1.3) Throwing
 + Level 3.6(1.3) Armour
 + Level 5.9(3.5) Dodging
 + Level 5.6(3.2) Stealth
 + Level 3.6(1.3) Shields
 + Level 3.6(1.3) Unarmed Combat
 + Level 6.2(3.8) Spellcasting
 + Level 2.9(0.7) Conjurations
 + Level 2.9(0.7) Hexes
 + Level 2.9(0.7) Charms
 + Level 2.9(0.7) Summonings
 + Level 2.9(0.7) Necromancy
 + Level 2.9(0.7) Translocations
 + Level 3.7(1.4) Transmutations
 + Level 2.9(0.7) Fire Magic
 + Level 2.9(0.7) Ice Magic
 + Level 2.9(0.7) Air Magic
 + Level 2.9(0.7) Earth Magic
 + Level 6.2(3.8) Poison Magic
 + Level 4.0(1.7) Invocations
 + Level 3.6(1.3) Evocations


You had 16 spell levels left.
You knew the following spells:

 Your Spells              Type           Power        Failure   Level  Hunger
a - Sting                 Tmut/Pois      ##..         4%          1    None
b - Poisonous Vapours     Pois/Air       ##....       8%          2    ##.....

Your spell library contained the following spells:

 Spells                   Type           Power        Failure   Level  Hunger
 Ignite Poison            Fire/Tmut/Pois ##......     17%         3    ###....
 Mephitic Cloud           Conj/Pois/Air  ##......     19%         3    ###....
 Olgreb's Toxic Radiance  Pois           ###.....     26%         4    ####...


Dungeon Overview and Level Annotations

Branches:
Dungeon (6/15)
 Temple: D:4-7

Altars:

Shops:
D:4 [

Annotations:
D:3 3 runed translucent doors, Aramant's ghost, weakling KoAM; Maedhros's ghost, weakling OpAr; MarredHen's ghost, amateur GnVM; glosham's ghost, weakling FeBe


Innate Abilities, Weirdness & Mutations

Your experience applies equally to all skills.
You have very sharp teeth.
Your uncanny sense of smell can sniff out nearby items.


Message History

You hit the wight but do no damage. Your bite misses the wight.
The wight is severely damaged.
The wight barely misses you.
You hit the wight.
The wight is almost destroyed.
You barely miss the wight.
The wight is almost destroyed.
The wight hits you with a cursed +4 scimitar.
You hit the wight but do no damage.
The wight is almost destroyed.
The wight hits you with a cursed +4 scimitar!
* * * LOW HITPOINT WARNING * * *
You feel drained.
* * * LOW HITPOINT WARNING * * *
You hit the wight but do no damage.
The wight is almost destroyed.
The wight barely misses you.
It was a potion of haste.
You feel yourself speed up.
The wight hits you with a cursed +4 scimitar.
You die...

########.............#...........
..######.###.....>#..#####.......
#........# #....<.......###..)...
###...######............# #......
....#...................# #......
##############.#..####### #######
#...## #####z###### #....@.....#
#..........# #..........#
############


You could see a wight.

Vanquished Creatures
  Eustachio (D:5)
  Duvessa (D:5)
  2 ice beasts (D:5)
  2 ogres (D:5)
  Dowan (D:5)
  A scorpion (D:6)
  3 wights (D:5)
  2 howler monkeys
  A crimson imp (D:5)
  2 hounds
  A jelly (D:5)
  A bullfrog zombie (D:5)
  2 centaur skeletons
  An orc wizard (D:5)
  An iguana (D:5)
  Natasha (thrice) (D:4)
  3 worker ants
  A hound zombie (D:5)
  2 hound skeletons
  4 gnolls
  7 adders
  2 river rats (D:5)
  An ooze (D:4)
  3 worms
  3 dart slugs (D:2)
  3 leopard geckos
  7 orcs
  6 giant cockroaches
  5 goblins
  9 hobgoblins
  9 jackals
  10 kobolds
  6 quokkas
  2 ball pythons
  4 bats
  5 frilled lizards
  7 rats
124 creatures vanquished.

Notes
Turn   | Place    | Note
-------+----------+-------------------------------------------
     0 | D:1      | MarredHen the Gnoll Venom Mage began the quest for the Orb.
     0 | D:1      | Reached XP level 1. HP: 13/13 MP: 6/6
   182 | D:1      | Reached XP level 2. HP: 19/19 MP: 2/7
   467 | D:1      | Reached XP level 3. HP: 25/25 MP: 7/9
   894 | D:2      | Reached skill level 5 in Spellcasting
  1087 | D:2      | Reached skill level 1 in Invocations
  1318 | D:2      | Reached skill level 1 in Fighting
  1318 | D:2      | Reached skill level 1 in Short Blades
  1318 | D:2      | Reached skill level 1 in Long Blades
  1318 | D:2      | Reached skill level 1 in Axes
  1318 | D:2      | Reached skill level 1 in Maces & Flails
  1318 | D:2      | Reached skill level 1 in Polearms
  1318 | D:2      | Reached skill level 1 in Staves
  1318 | D:2      | Reached skill level 1 in Slings
  1318 | D:2      | Reached skill level 1 in Bows
  1318 | D:2      | Reached skill level 1 in Crossbows
  1318 | D:2      | Reached skill level 1 in Throwing
  1318 | D:2      | Reached skill level 1 in Armour
  1318 | D:2      | Reached skill level 1 in Shields
  1318 | D:2      | Reached skill level 1 in Unarmed Combat
  1318 | D:2      | Reached skill level 1 in Evocations
  1431 | D:2      | Reached XP level 4. HP: 28/32 MP: 8/11
  1983 | D:3      | Reached skill level 1 in Conjurations
  1983 | D:3      | Reached skill level 1 in Hexes
  1983 | D:3      | Reached skill level 1 in Charms
  1983 | D:3      | Reached skill level 1 in Summonings
  1983 | D:3      | Reached skill level 1 in Necromancy
  1983 | D:3      | Reached skill level 1 in Translocations
  1983 | D:3      | Reached skill level 1 in Fire Magic
  1983 | D:3      | Reached skill level 1 in Ice Magic
  1983 | D:3      | Reached skill level 1 in Air Magic
  1983 | D:3      | Reached skill level 1 in Earth Magic
  2140 | D:3      | Reached XP level 5. HP: 25/37 MP: 12/12
  2317 | D:3      | Found a runed translucent gate.
  2317 | D:3      | Found a runed translucent gate.
  2317 | D:3      | Found a runed translucent gate.
  2318 | D:3      | Noticed Maedhros's ghost (weakling OpAr)
  2319 | D:3      | Noticed Aramant's ghost (weakling KoAM)
  2319 | D:3      | Noticed MarredHen's ghost (amateur GnVM)
  2319 | D:3      | Noticed glosham's ghost (weakling FeBe)
  2889 | D:4      | Noticed Natasha
  3168 | D:4      | Killed Natasha
  3168 | D:4      | Reached XP level 6. HP: 37/44 MP: 7/13
  3229 | D:4      | Noticed Natasha
  3239 | D:4      | Killed Natasha
  3249 | D:4      | Noticed Natasha
  3256 | D:4      | Killed Natasha
  3256 | D:4      | Reached skill level 5 in Dodging
  3713 | D:4      | Found Vuasacim's Antique Armour Boutique.
  3975 | D:5      | Entered Level 5 of the Dungeon
  3975 | D:5      | Noticed Eustachio
  3995 | D:5      | Reached XP level 7. HP: 50/50 MP: 8/15
  4067 | D:5      | Noticed Duvessa
  4262 | D:5      | Noticed Dowan
  4280 | D:5      | Killed Duvessa
  4292 | D:5      | Killed Dowan
  4292 | D:5      | Reached skill level 5 in Stealth
  4576 | D:5      | Killed Eustachio
  4576 | D:5      | Reached XP level 8. HP: 50/57 MP: 7/16
  4653 | D:5      | Learned a level 2 spell: Poisonous Vapours
  5956 | D:6      | Found a glowing drain.
  6516 | D:5      | Slain by a wight

Illustrated notes

Levels and vault maps discovered:
D:1:      dpeg_arrival_another_circle, layout_rooms
D:2:      layout_loops_ring
D:3:      layout_rooms, gammafunk_ghost_cemetery, first_ration
D:4:      layout_rooms, serial_shops, shop, uniq_natasha
D:5:      layout_rooms, uniq_duvessa, uniq_eustachio
D:6:      kennysheep_housing_project, layout_cave_pools, portal_sewer_entry_a,
          ashenzari_altar_1

Skill      XL: |  1  2  3  4  5  6  7  8 |
---------------+-------------------------+-----
Transmutations | 2 3 |  3.7
Spellcasting   | 5 6 |  6.2
Invocations    | 1 2 3 4 |  4.0
Fighting       | 1 2 3 |  3.6
Short Blades   | 1 2 3 |  3.6
Long Blades    | 1 2 3 |  3.6
Axes           | 1 2 3 |  3.6
Maces & Flails | 1 2 3 |  3.6
Polearms       | 1 2 3 |  3.6
Staves         | 1 2 3 |  3.6
Slings         | 1 2 3 |  3.6
Bows           | 1 2 3 |  3.6
Crossbows      | 1 2 3 |  3.6
Throwing       | 1 2 3 |  3.6
Armour         | 1 2 3 |  3.6
Shields        | 1 2 3 |  3.6
Unarmed Combat | 1 2 3 |  3.6
Evocations     | 1 2 3 |  3.6
Conjurations   | 1 2 |  2.9
Hexes          | 1 2 |  2.9
Charms         | 1 2 |  2.9
Summonings     | 1 2 |  2.9
Necromancy     | 1 2 |  2.9
Translocations | 1 2 |  2.9
Fire Magic     | 1 2 |  2.9
Ice Magic      | 1 2 |  2.9
Air Magic      | 1 2 |  2.9
Earth Magic    | 1 2 |  2.9
Dodging        | 5 |  5.9
Stealth        | 5 |  5.6
Poison Magic   | 6 |  6.2

Action                   |  1- 3 |  4- 6 |  7- 9 || total
-------------------------+-------+-------+-------++-------
Melee: Unarmed           |     7 |       |       ||     7
       Whip              |    24 |       |       ||    24
       Falchion          |     6 |    49 |       ||    55
       Bite              |     4 |     9 |    55 ||    68
       Dagger            |       |    12 |   400 ||   412
       Punch             |       |       |     6 ||     6
 Cast: Sting             |    62 |   118 |    54 ||   234
       Poisonous Vapours |       |       |    19 ||    19
  Use: Scroll            |     3 |     6 |     2 ||    11
       Potion            |       |       |     8 ||     8
 Stab: Sleeping          |       |     1 |       ||     1
  Eat: Chunk             |     1 |     4 |     1 ||     6
       Ration            |       |     2 |     2 ||     4
Armor: Robe              |    13 |    38 |   166 ||   217
       Skin              |       |       |    31 ||    31
Dodge: Dodged            |    48 |   143 |   417 ||   608
       Rpst.: Falchion   |     2 |    37 |       ||    39

Table legend:
 A = Non-vault XP
 B = Vault XP
 C = Vault XP percentage of total XP
 D = Non-vault monster count
 E = Vault monster count
 F = Vault count percentage of total count
                 A         B        C        D         E       F
            +---------+---------+-------+---------+---------+-------
      Total |    1748 |     491 |  21.9 |     116 |       8 |   6.5
            +---------+---------+-------+---------+---------+-------
        D:1 |      37 |       0 |   0.0 |      16 |       0 |   0.0
        D:2 |      63 |       0 |   0.0 |      31 |       0 |   0.0
        D:3 |     159 |       0 |   0.0 |      23 |       0 |   0.0
        D:4 |     271 |      36 |  11.7 |      17 |       1 |   5.6
        D:5 |    1088 |     441 |  28.8 |      24 |       6 |  20.0
        D:6 |     130 |      14 |   9.7 |       5 |       1 |  16.7
            +---------+---------+-------+---------+---------+-------
